 Dungeon Crawl Stone Soup version 0.22.0 (webtiles) character file.

244 Gremour the Slasher (level 5, -6/45 HPs)
             Began as a Draconian Chaos Knight on Aug 10, 2018.
             Killed from afar by an orc wizard (9 damage)
             ... with a puff of frost
             ... on level 3 of the Dungeon.
             The game lasted 00:11:36 (2142 turns).

Gremour the Slasher (Draconian Chaos Knight)        Turns: 2142, Time: 00:11:37

Health: -6/45      AC:  6    Str: 15    XL:     5   Next: 83%
Magic:  5/5        EV: 12    Int: 16    God:    Xom [..*...]
Gold:   105        SH:  0    Dex: 11    Spells: 4/4 levels left

rFire    . . .     SeeInvis .   a - +0 falchion (chaos)
rCold    . . .     Gourm    .   (no shield)
rNeg     . . .     Faith    .   (armour unavailable)
rPois    .         Spirit   .   (helmet restricted)
rElec    .         Reflect  .   i - +0 cloak
rCorr    .         Harm     .   (no gloves)
MR       .....                  (no boots)
Stlth    +.........             (no amulet)
HPRegen  0.15/turn              d - +4 ring of intelligence
MPRegen  0.09/turn              (no ring)

@: no status effects
A: unfitting armour, hooves 1, sense surroundings 1, cold-blooded, AC +5
a: Renounce Religion


You were on level 3 of the Dungeon.
You worshipped Xom.
You were a toy of Xom.
You were not hungry.

You visited 1 branch of the dungeon, and saw 3 of its levels.

You collected 105 gold pieces.

Inventory:

Hand Weapons
 a - a +0 falchion of chaos (weapon)
Armour
 i - a +0 cloak (worn)
Jewellery
 d - a +4 ring of intelligence (left hand)
Potions
 c - a potion of agility {unknown}
 e - a potion of might {unknown}
 g - a potion of berserk rage {unknown}
Comestibles
 b - 4 rations


   Skills:
 - Level 3.2 Fighting
 * Level 6.6 Long Blades
 - Level 2.1 Dodging


You had 4 spell levels left.
You didn't know any spells.
Your spell library was empty.

Dungeon Overview and Level Annotations

Branches:
Dungeon (3/15)

Altars:
Xom


Innate Abilities, Weirdness & Mutations

Your plain brown scales are hard. (AC +5)
You cannot fit into any form of body armour.
You are cold-blooded and may be slowed by cold attacks.
You have large cloven feet.
You passively map a small area around you.


Message History

Curus's ghost hits you!
You hit Curus's ghost but do no damage.
The air around Curus's ghost crackles with energy!
You tail-slap Curus's ghost.
Curus's ghost is almost destroyed.
The orc wizard hits you but does no damage.
Curus's ghost hits you!
* * * LOW HITPOINT WARNING * * *
The orc wizard hits you from afar with a spear of flaming.
* * * LOW HITPOINT WARNING * * *
The orc wizard burns you.
* * * LOW HITPOINT WARNING * * *
You hit Curus's ghost.
You destroy Curus's ghost!
Your Long Blades skill increases to level 6!
The orc wizard barely misses you. The orc wizard casts a spell at you.
The puff of frost hits you!
You die...
Xom giggles madly!

.##..#####.## .#,# ,
....÷#####.# .#.#
.....<..<..# ####.#.#
###.##########......#
#.# §§#§#§.# * *
#.##### §§o§o§§# *
#.....# §§§#§#§##
,#####.########.#
#....#...#@# * , *
#..#####...#
#....#.....# *
#.##.#.##..# *
#.##...##..# *
#.#######..# , #.#
#..# * #.# * *#..# *
* , , <.. , ,...., ,


You could see an orc wizard.

Vanquished Creatures
  The ghost of Curus the Chopper, an amateur MiBe of Trog (D:3)
  Crazy Yiuf (D:2)
  Jessica (D:2)
  A killer bee zombie (D:3)
  Robin (D:2)
  2 adders
  2 giant cockroaches (D:1)
  9 goblins
  6 hobgoblins
  7 jackals
  2 quokkas
  9 bats
  5 frilled lizards
  A kobold (D:2)
  9 rats
  A bush (D:2)
58 creatures vanquished.

Notes
Turn   | Place    | Note
-------+----------+-------------------------------------------
     0 | D:1      | Gremour the Draconian Chaos Knight began the quest for the Orb.
     0 | D:1      | Reached XP level 1. HP: 19/19 MP: 1/1
   388 | D:1      | Reached XP level 2. HP: 26/26 MP: 2/2
   665 | D:2      | Noticed Robin
   666 | D:2      | XOM: divination: detect creatures
   668 | D:2      | Reached skill level 4 in Long Blades
   691 | D:2      | Killed Robin
   691 | D:2      | Reached XP level 3. HP: 12/31 MP: 3/3
   750 | D:2      | XOM: give mutations
   750 | D:2      | Gained mutation: You passively map a small area around you. [Xom's grace]
   750 | D:2      | Gained mutation: You have large cloven feet. [Xom's grace]
   815 | D:2      | Noticed Jessica
   861 | D:2      | Killed Jessica
   861 | D:2      | Reached skill level 5 in Long Blades
   861 | D:2      | Reached XP level 4. HP: 23/38 MP: 4/4
   998 | D:2      | XOM: scenery: create altars
  1018 | D:2      | XOM: scenery: create altars
  1193 | D:2      | XOM: god gift: ration
  1274 | D:2      | Found a runed door.
  1703 | D:2      | Noticed Crazy Yiuf
  1707 | D:2      | Killed Crazy Yiuf
  1774 | D:2      | XOM: scenery: create altars
  1803 | D:3      | Reached XP level 5. HP: 40/45 MP: 5/5
  1857 | D:2      | XOM: cloud trail
  1918 | D:2      | XOM: silly message
  2116 | D:3      | Found a runed door.
  2119 | D:3      | Noticed Curus's ghost (amateur MiBe)
  2141 | D:3      | Killed Curus's ghost
  2141 | D:3      | Reached skill level 6 in Long Blades
  2142 | D:3      | Killed from afar by an orc wizard

Skill      XL: |  1  2  3  4  5 |
---------------+----------------+-----
Long Blades    | 4 5 6 |  6.6
Fighting       | |  3.2
Dodging        | |  2.1

Action                   |  1- 3 |  4- 6 || total
-------------------------+-------+-------++-------
Melee: Falchion          |    88 |   122 ||   210
       Tailslap          |     6 |    25 ||    31
       Kick              |     6 |    42 ||    48
  Use: Scroll            |       |     3 ||     3
       Potion            |       |     2 ||     2
 Stab: Paralysed         |     3 |     1 ||     4
       Confused          |       |     2 ||     2
  Eat: Ration            |       |     1 ||     1
       Chunk             |       |     1 ||     1
Armor: Skin              |    40 |    16 ||    56
Dodge: Dodged            |    58 |    54 ||   112
       Rpst.: Falchion   |    17 |    22 ||    39
